 Dungeon Crawl Stone Soup version 0.28.0-53-g5a82cb258f (webtiles) character file.

Game seed: 5515680651454236315

27 mortz the Skirmisher (level 3, 0/33 HPs)
             Began as a Hill Orc Fighter on July 1, 2022.
             Succumbed to an adder's poison
             ... on level 2 of the Dungeon.
             The game lasted 00:06:08 (1116 turns).

mortz the Skirmisher (Hill Orc Fighter)             Turns: 1116, Time: 00:06:09

Health: 0/33       AC:  6    Str: 20    XL:     3   Next: 10%
Magic:  3/3        EV:  9    Int:  8    God:
Gold:   67         SH:  0    Dex: 10    Spells: 2/2 levels left

rFire   . . .      SeeInvis .   l - +0 executioner's axe {axerare}
rCold   . . .      Faith    .   (shield currently unavailable)
rNeg    . . .      Spirit   .   b - +0 scale mail
rPois   .          Reflect  .   (no helmet)
rElec   .          Harm     .   (no cloak)
rCorr   .          Rampage  .   (no gloves)
Will    .....                   (no boots)
Stlth   ..........              (no amulet)
HPRegen 0.11/turn               (no ring)
MPRegen 0.08/turn               (no ring)

@: mighty, lethally poisoned (0 -> -3)
A: no striking features
a: no special abilities


You were on level 2 of the Dungeon.
You visited 1 branch of the dungeon, and saw 2 of its levels.

You collected 67 gold pieces.


   Skills:
 + Level 3.8 Fighting
 + Level 3.0 Long Blades
 + Level 3.5 Armour
 + Level 3.6 Shields


You had 2 spell levels left.
You didn't know any spells.
Your spell library was empty.

Inventory:

Hand Weapons
 a - a +0 long sword {long}
 l - a +0 executioner's axe (weapon) {axerare}
   (You found it on level 2 of the Dungeon)
Missiles
 g - 45 stones (quivered) {throwing}
Armour
 b - a +0 scale mail (worn)
 c - a +0 buckler
Scrolls
 e - a scroll of vulnerability {unknown}
 f - a scroll of magic mapping {!r}
 h - 3 scrolls of teleportation {@r4}
 i - a scroll of blinking {unknown}
 j - a scroll of amnesia {unknown}
 k - a scroll of identify {unknown}

Dungeon Overview and Level Annotations

Branches:
Dungeon (2/15)

Altars:

#.
#...######+######+#####.
#..............#........
#..............#........
#............?.#........
#..............#........
#..............#........
#.....S........#........
#......@.+### ###+......
#........#..###..#......
####+#.....#.......#....[.
#.......#####.....########
#.......# #.._.8# #
#.......# ##.....########
#.......# #.......#......
#.......# ##..###..#......
#.......###'### ###'......


You could see an adder.


Message History

An endoplasm comes into view.
The endoplasm quivers.
The endoplasm moves out of view.
Found a faded altar of an unknown god.
There is an open door here.
You barely miss the endoplasm. The endoplasm freezes you.
You are frozen.
The endoplasm barely misses you. 😕 HP[-3]
You take 3 damage, and now have 30/33 hp.
You hit the endoplasm but do no damage. The endoplasm barely misses you.
The endoplasm hits you but does no damage.
You slice the endoplasm!!
You kill the endoplasm!
Your Long Blades skill increases to level 3! 😕 HP[+1]
You open the door.
There is an open door here.
You now have 67 gold pieces (gained 10).
You open the door.
There is an open door here.
A frilled lizard comes into view.
The frilled lizard hisses angrily. 😎 HP[+2]
Your hp is fully restored (33).
An adder comes into view.
The adder hisses angrily.
You closely miss the frilled lizard. The frilled lizard closely misses you.
The adder closely misses you.
The frilled lizard bites you but does no damage.
The adder bites you but does no damage.
You barely miss the frilled lizard. You miss the adder.
The frilled lizard bites you. The adder bites you but does no damage.
The adder bites you.
You are poisoned.
The adder poisons you!
The frilled lizard closely misses you. 😕 HP[-3]
You take 3 damage, and now have 30/33 hp.
You barely miss the frilled lizard. You miss the adder.
You feel sick. The adder bites you.
The frilled lizard bites you but does no damage.
The adder completely misses you.
The frilled lizard barely misses you. 😕 HP[-4]
You take 4 damage, and now have 26/33 hp.
You miss the adder. You barely miss the frilled lizard.
You feel sick. The adder closely misses you. The adder bites you.
The frilled lizard bites you but does no damage.
The adder barely misses you.
The frilled lizard closely misses you. 😮 HP[-5]
You take 5 damage, and now have 21/33 hp.
You barely miss the adder. You closely miss the frilled lizard.
You feel sick.
You are no longer poisoned.
The adder barely misses you. The frilled lizard closely misses you.
The adder bites you but does no damage.
The frilled lizard bites you but does no damage. 😮 HP[-1]
You take 1 damage, and now have 20/33 hp.
You closely miss the adder. You hit the frilled lizard.
You kill the frilled lizard!
The adder bites you but does no damage. The adder completely misses you.
The adder closely misses you.
You closely miss the adder.
The adder bites you but does no damage. x2 😮 HP[+1]
You closely miss the adder. The adder bites you but does no damage.
The adder barely misses you. The adder bites you. 😮 HP[-1]
You take 1 damage, and now have 20/33 hp.
You barely miss the adder. The adder bites you.
* * * LOW HITPOINT WARNING * * *
The adder bites you but does no damage. 😨 HP[-4]
You take 4 damage, and now have 16/33 hp.
You closely miss the adder. The adder bites you but does no damage.
The adder barely misses you. x2
You miss the adder. The adder bites you but does no damage.
The adder closely misses you.
You barely miss the adder. The adder bites you but does no damage.
The adder bites you.
* * * LOW HITPOINT WARNING * * *
The adder bites you.
* * * LOW HITPOINT WARNING * * *
😨 HP[-3]
You take 3 damage, and now have 13/33 hp.
You completely miss the adder. The adder bites you.
* * * LOW HITPOINT WARNING * * *
You are poisoned.
The adder poisons you! The adder bites you.
* * * LOW HITPOINT WARNING * * *
😱 HP[-6]
You take 6 damage, and now have 7/33 hp.
You closely miss the adder.
* * * LOW HITPOINT WARNING * * *
You feel very sick. The adder bites you but does no damage.
The adder bites you.
* * * LOW HITPOINT WARNING * * *
The adder bites you but does no damage. 😱 HP[-6]
You take 6 damage, and now have 1/33 hp.
You feel very mighty all of a sudden.
You die...

Skill      XL: |  1  2  3 |
---------------+----------+-----
Long Blades    | 3 |  3.0
Fighting       | |  3.8
Armour         | |  3.5
Shields        | |  3.6

Action                   || total
-------------------------++-------
Melee: Long sword        ||    58
       Executioner's axe ||    21
Throw: Stone             ||    12
  Use: Scroll            ||     2
       Potion            ||     1
Armor: Scale mail        ||    44
Dodge: Dodged            ||    40
Block: Buckler           ||    18

Levels and vault maps discovered:
D:1:      dpeg_arrival_orchard, layout_basic, minmay_tromino_v4_a
D:2:      layout_basic, hellmonk_ecumenical_altar_slurped_away

Notes
Turn   | Place    | Note
-------+----------+-------------------------------------------
     0 | D:1      | mortz the Hill Orc Fighter began the quest for the Orb.
     0 | D:1      | Reached XP level 1. HP: 19/19 MP: 1/1
     0 | D:1      | magus.rc [v1.9.6]
   392 | D:1      | Reached XP level 2. HP: 26/26 MP: 2/2
   890 | D:2      | l - a +0 executioner's axe {axerare}
   896 | D:2      | l - a +0 executioner's axe (weapon) {axerare}
   933 | D:2      | Reached XP level 3. HP: 29/33 MP: 3/3
  1010 | D:2      | Found a faded altar of an unknown god.
  1016 | D:2      | Reached skill level 3 in Long Blades
  1114 | D:2      | HP: 7/33 [adder (3)]
  1115 | D:2      | HP: 1/33 [adder (3)]
  1116 | D:2      | Succumbed to an adder's poison

Vanquished Creatures
  3 endoplasms
  3 giant cockroaches (D:1)
  3 hobgoblins
  3 quokkas (D:1)
  A ball python (D:1)
  2 bats (D:1)
  3 frilled lizards
  2 goblins (D:1)
  2 kobolds (D:1)
  4 rats (D:1)
26 creatures vanquished.

Table legend:
 A = Non-vault XP
 B = Vault XP
 C = Vault XP percentage of total XP
 D = Non-vault monster count
 E = Vault monster count
 F = Vault count percentage of total count
                 A         B        C        D         E       F
            +---------+---------+-------+---------+---------+-------
      Total |      34 |       5 |  12.8 |      23 |       3 |  11.5
            +---------+---------+-------+---------+---------+-------
        D:1 |      28 |       3 |   9.7 |      19 |       2 |   9.5
        D:2 |       6 |       2 |  25.0 |       4 |       1 |  20.0
            +---------+---------+-------+---------+---------+-------

Illustrated notes

Table legend:
 A = Kills in this place as a percentage of kills in entire the game.
 B = Kills by you in this place as a percentage of kills by you in the entire game.
 C = Kills by friends in this place as a percentage of kills by friends in the entire game.
 D = Other kills in this place as a percentage of other kills in the entire game.
 E = Experience gained in this place as a percentage of experience gained in the entire game.
 F = Experience gained in this place divided by the number of levels of this place that you have seen.
                   A       B       C       D       E      F
               +-------+-------+-------+-------+-------+----------------------
         Total | 100.0 | 100.0 |   N/A |   N/A | 100.0 |  19.5
       Dungeon | 100.0 | 100.0 |   N/A |   N/A | 100.0 |  19.5
               +-------+-------+-------+-------+-------+----------------------

Table legend: (Time is in decaauts)
 A = Elapsed time spent in this place.
 B = Non-inter-level travel time spent in this place.
 C = Inter-level travel time spent in this place.
 D = Time resting spent in this place.
 E = Time spent auto-exploring this place.
 F = Levels seen in this place.
 G = Mean time per level.
                   A        B        C        D        E       F      G
               +--------+--------+--------+--------+--------+-----+--------+
         Total |   1154 |   1144 |     10 |      0 |    918 |   2 |  577.0 |
       Dungeon |   1154 |   1144 |     10 |      0 |    918 |   2 |  577.0 |
               +--------+--------+--------+--------+--------+-----+--------+

Top non-repeatable levels by time:
     D:1: 850 daAuts
     D:2: 304 daAuts
